TOP OF THE 1ST |
Lowell Spinners batting - Pitching for Vermont Lake Monsters : RHP Jesse Clark
|
Pitching: RHP Jesse Clark
|
|
Batting: LHB Eric Gaugler
|
0-0: Called Strike 0-1: Ball 1-1: Called Strike 1-2: Strikes out looking
|
Batting: LHB Kevin Rolison
|
0-0: Called Strike 0-1: Ball 1-1: Ground out 5-3 (Groundball, 5, EV 98.8 MPH)
|
Batting: LHB Danny Montoya
|
0-0: SINGLE (Groundball, 34S, EV 71.9 MPH) (infield hit)
|
Batting: LHB Javier Cajina
|
0-0: Ball 1-0: Called Strike 1-1: DOUBLE (Line Drive, 8RXD, EV 101.2 MPH) Danny Montoya to third Runner from 3rd tries for Home, SAFE, throw by CF to home
|
Batting: RHB Willie Camacho
|
0-0: Called Strike 0-1: Called Strike 0-2: Ball 1-2: DOUBLE (Line Drive, 9LM, EV 103.8 MPH) Javier Cajina scores
|
Batting: LHB Mike Hutcheson
|
0-0: Called Strike 0-1: Called Strike 0-2: Ground out 4-3 (Groundball, 4, EV 85.0 MPH)
|
Top of the 1st over - 2 runs, 3 hits, 0 errors, 1 left on base; Lowell 2 - Vermont 0 |
BOTTOM OF THE 1ST |
Vermont Lake Monsters batting - Pitching for Lowell Spinners : RHP Alan Phillips
|
Pitching: RHP Alan Phillips
|
|
Batting: RHB Alberto Malagon
|
0-0: Foul Ball, location: 2F 0-1: Ball 1-1: Ball 2-1: Foul Ball, location: 2F 2-2: Foul Ball, location: 2F 2-2: Strikes out swinging
|
Batting: RHB Tetsuya Shinoda
|
0-0: Ball 1-0: Fly out, F7 (Flyball, 7, EV 89.4 MPH)
|
Batting: RHB Ryan Jennings
|
0-0: Swinging Strike 0-1: Foul Ball, location: 2F 0-2: Ball 1-2: Foul Ball, location: 2F 1-2: Foul Ball, location: 2F 1-2: Ball 2-2: Strikes out swinging
|
Bottom of the 1st over - 0 runs, 0 hits, 0 errors, 0 left on base; Lowell 2 - Vermont 0 |
TOP OF THE 2ND |
Lowell Spinners batting - Pitching for Vermont Lake Monsters : RHP Jesse Clark
|
Batting: RHB Curt Stallings
|
0-0: Ball 1-0: Called Strike 1-1: Swinging Strike 1-2: Hit by Pitch
|
Batting: RHB Jose Molina
|
0-0: Swinging Strike 0-1: Ball 1-1: Ball Curt Stallings steals 2nd base 2-1: Foul Ball, location: 2F 2-2: Ground out 6-3 (Groundball, 6, EV 85.0 MPH) Curt Stallings to third
|
Batting: RHB Roger Mitchell
|
0-0: Ball 1-0: Called Strike 1-1: Swinging Strike 1-2: Ball Wild Pitch! Curt Stallings scores 2-2: Strikes out looking
|
Batting: LHB Eric Gaugler
|
0-0: SINGLE (Groundball, 34D, EV 97.5 MPH)
|
Batting: LHB Kevin Rolison
|
0-0: Ball 1-0: Ball 2-0: Ball 3-0: Called Strike 3-1: Fly out, F5 (Line Drive, 56, EV 65.0 MPH)
|
Top of the 2nd over - 1 run, 1 hit, 0 errors, 1 left on base; Lowell 3 - Vermont 0 |
BOTTOM OF THE 2ND |
Vermont Lake Monsters batting - Pitching for Lowell Spinners : RHP Alan Phillips
|
Batting: RHB Amare Brown
|
0-0: Ground out 5-3 (Groundball, 5, EV 88.8 MPH)
|
Batting: RHB Edgardo Rivera
|
0-0: Ball 1-0: Called Strike 1-1: Ball 2-1: Called Strike 2-2: DOUBLE (Line Drive, 9LM, EV 108.8 MPH)
|
Batting: RHB Jon Coleman
|
0-0: Ground out U3 (Groundball, 13, EV 79.4 MPH) Edgardo Rivera to third
|
Batting: SHB Steve Salafia
|
0-0: Called Strike 0-1: Foul Ball, location: 2F 0-2: Strikes out looking
|
Bottom of the 2nd over - 0 runs, 1 hit, 0 errors, 1 left on base; Lowell 3 - Vermont 0 |
TOP OF THE 3RD |
Lowell Spinners batting - Pitching for Vermont Lake Monsters : RHP Jesse Clark
|
Batting: LHB Danny Montoya
|
0-0: Ball 1-0: Fly out, F6 (Line Drive, 6, EV 65.6 MPH)
|
Batting: LHB Javier Cajina
|
0-0: Ground out 4-3 (Groundball, 4M, EV 82.5 MPH)
|
Batting: RHB Willie Camacho
|
0-0: Called Strike 0-1: Fly out, F9 (Flyball, 9, EV 90.6 MPH)
|
Top of the 3rd over - 0 runs, 0 hits, 0 errors, 0 left on base; Lowell 3 - Vermont 0 |
BOTTOM OF THE 3RD |
Vermont Lake Monsters batting - Pitching for Lowell Spinners : RHP Alan Phillips
|
Batting: RHB Ricardo Claros
|
0-0: Fly out, F7 (Flyball, 7, EV 90.0 MPH)
|
Batting: SHB Berthold Frey
|
0-0: Foul Ball, location: 2F 0-1: Ball 1-1: Ball 2-1: Called Strike 2-2: Foul Ball, location: 2F 2-2: Foul Ball, location: 2F 2-2: Ground out 6-3 (Groundball, 6, EV 86.2 MPH)
|
Batting: RHB Alberto Malagon
|
0-0: Called Strike 0-1: Foul Ball, location: 2F 0-2: Ball 1-2: Ball 2-2: Ball 3-2: SINGLE (Groundball, 6MD, EV 96.9 MPH)
|
Batting: RHB Tetsuya Shinoda
|
0-0: Swinging Strike 0-1: Hit by Pitch Alberto Malagon to second
|
Batting: RHB Ryan Jennings
|
0-0: Ball Wild Pitch! Alberto Malagon to third Tetsuya Shinoda to second 1-0: Ball 2-0: SINGLE (Flyball, 3D, EV 90.0 MPH) Alberto Malagon scores Tetsuya Shinoda to third Runner from 3rd tries for Home, throw by RF and OUT! 9-2
|
Bottom of the 3rd over - 1 run, 2 hits, 0 errors, 1 left on base; Lowell 3 - Vermont 1 |
TOP OF THE 4TH |
Lowell Spinners batting - Pitching for Vermont Lake Monsters : RHP Jesse Clark
|
Batting: LHB Mike Hutcheson
|
0-0: Ground out 5-3 (Groundball, 56, EV 105.6 MPH)
|
Batting: RHB Curt Stallings
|
0-0: Called Strike 0-1: Ball 1-1: SINGLE (Flyball, 8LS, EV 96.2 MPH)
|
Batting: RHB Jose Molina
|
0-0: Called Strike 0-1: Ball 1-1: Ball 2-1: Ball 3-1: Fielders Choice at 2nd, 6-4 (Groundball, 6MS, EV 88.1 MPH)
|
Batting: RHB Roger Mitchell
|
0-0: Called Strike 0-1: Ball 1-1: Ball 2-1: Foul Ball, location: 2F 2-2: Ball 3-2: Ground out 1-3 (Groundball, 13S, EV 70.6 MPH)
|
Top of the 4th over - 0 runs, 1 hit, 0 errors, 1 left on base; Lowell 3 - Vermont 1 |
BOTTOM OF THE 4TH |
Vermont Lake Monsters batting - Pitching for Lowell Spinners : RHP Alan Phillips
|
Batting: RHB Amare Brown
|
0-0: Ground out 6-3 (Groundball, 6, EV 101.9 MPH)
|
Batting: RHB Edgardo Rivera
|
0-0: Ball 1-0: Foul Ball, location: 2F 1-1: Swinging Strike 1-2: Strikes out swinging
|
Batting: RHB Jon Coleman
|
0-0: Ball 1-0: Fly out, F7 (Flyball, 78D, EV 93.8 MPH)
|
Bottom of the 4th over - 0 runs, 0 hits, 0 errors, 0 left on base; Lowell 3 - Vermont 1 |
TOP OF THE 5TH |
Lowell Spinners batting - Pitching for Vermont Lake Monsters : RHP Jesse Clark
|
Batting: LHB Eric Gaugler
|
0-0: Ball 1-0: Called Strike 1-1: Ball 2-1: Swinging Strike 2-2: Strikes out swinging wild pitch, reaches first!
|
Batting: LHB Kevin Rolison
|
0-0: Called Strike Eric Gaugler steals 2nd base 0-1: SINGLE (Line Drive, 9LS, EV 108.1 MPH) Eric Gaugler to third
|
Batting: LHB Danny Montoya
|
0-0: Foul Ball, location: 2F 0-1: Ball 1-1: Ball 2-1: SINGLE (Groundball, 34S, EV 69.4 MPH) (infield hit) Kevin Rolison to second
|
Pitching: RHP Nasser bin Ata
|
|
Batting: LHB Javier Cajina
|
0-0: Ball 1-0: Swinging Strike 1-1: Ball 2-1: Foul Ball, location: 2F 2-2: Ball 3-2: Strikes out swinging
|
Batting: RHB Willie Camacho
|
0-0: Ball 1-0: Ball 2-0: Ball 3-0: Called Strike 3-1: Fly out, F8 (Flyball, 8LXD, EV 80.0 MPH) Runner from 3rd tags up, SCORES, no throw by CF Kevin Rolison to third
|
Batting: LHB Mike Hutcheson
|
0-0: Ball 1-0: Ball Wild Pitch! Kevin Rolison scores Danny Montoya to second 2-0: Foul Ball, location: 2F 2-1: Foul Ball, location: 2F 2-2: Ball 3-2: Base on Balls
|
Batting: RHB Curt Stallings
|
0-0: Ball 1-0: Called Strike 1-1: Ball 2-1: Foul Ball, location: 2F 2-2: Ball 3-2: Base on Balls Danny Montoya to third Mike Hutcheson to second
|
Batting: RHB Jose Molina
|
0-0: Called Strike 0-1: Ball 1-1: Called Strike 1-2: Ball 2-2: Fly out, F3 (Popup, 34S, EV 75.0 MPH)
|
Top of the 5th over - 2 runs, 2 hits, 0 errors, 3 left on base; Lowell 5 - Vermont 1 |
BOTTOM OF THE 5TH |
Vermont Lake Monsters batting - Pitching for Lowell Spinners : RHP Alan Phillips
|
Batting: SHB Steve Salafia
|
0-0: Swinging Strike 0-1: Fly out, F7 (Flyball, 78M, EV 83.8 MPH)
|
Batting: RHB Ricardo Claros
|
0-0: Ball 1-0: Ground out 6-3 (Groundball, 6, EV 102.5 MPH)
|
Batting: SHB Berthold Frey
|
0-0: Foul Ball, location: 2F 0-1: Ground out U3 (Groundball, 34S, EV 86.2 MPH)
|
Bottom of the 5th over - 0 runs, 0 hits, 0 errors, 0 left on base; Lowell 5 - Vermont 1 |
TOP OF THE 6TH |
Lowell Spinners batting - Pitching for Vermont Lake Monsters : RHP Nasser bin Ata
|
Pitching: RHP Emanuel Andrade
|
|
Batting: RHB Roger Mitchell
|
0-0: Called Strike 0-1: Ball 1-1: Foul Ball, location: 2F 1-2: Ball 2-2: Ground out 5-3 (Groundball, 56S, EV 66.2 MPH)
|
Batting: LHB Eric Gaugler
|
0-0: Ball 1-0: SINGLE (Line Drive, 3D, EV 97.5 MPH)
|
Batting: LHB Kevin Rolison
|
0-0: Foul Ball, location: 2F 0-1: Foul Ball, location: 2F 0-2: Strikes out swinging
|
Batting: LHB Danny Montoya
|
0-0: Ball 1-0: Called Strike 1-1: Ball 2-1: SINGLE (Line Drive, 9S, EV 103.8 MPH) Eric Gaugler to second
|
Batting: LHB Javier Cajina
|
0-0: Ball 1-0: Called Strike Danny Montoya is caught stealing 2nd base 2-6 Eric Gaugler advances to 3rd base
|
Top of the 6th over - 0 runs, 2 hits, 0 errors, 1 left on base; Lowell 5 - Vermont 1 |
BOTTOM OF THE 6TH |
Vermont Lake Monsters batting - Pitching for Lowell Spinners : RHP Alan Phillips
|
Batting: RHB Alberto Malagon
|
0-0: Called Strike 0-1: DOUBLE (Groundball, 3L, EV 101.9 MPH)
|
Batting: RHB Tetsuya Shinoda
|
0-0: Fly out, F3 (Popup, 3SF, EV 65.6 MPH)
|
Batting: RHB Ryan Jennings
|
0-0: Called Strike 0-1: Foul Ball, location: 2F 0-2: Ball 1-2: Strikes out looking
|
Batting: RHB Amare Brown
|
0-0: Ball 1-0: Ball 2-0: Called Strike 2-1: Ball 3-1: Foul Ball, location: 2F 3-2: Foul Ball, location: 2F 3-2: Strikes out swinging
|
Bottom of the 6th over - 0 runs, 1 hit, 0 errors, 1 left on base; Lowell 5 - Vermont 1 |
TOP OF THE 7TH |
Lowell Spinners batting - Pitching for Vermont Lake Monsters : RHP Emanuel Andrade
|
Batting: LHB Javier Cajina
|
0-0: Called Strike 0-1: Ground out 6-3 (Groundball, 6M, EV 103.8 MPH)
|
Batting: RHB Willie Camacho
|
0-0: Ball 1-0: Ball 2-0: Ball 3-0: Base on Balls
|
Batting: LHB Mike Hutcheson
|
0-0: Ball 1-0: Fly out, F8 (Flyball, 78M, EV 90.0 MPH)
|
Batting: RHB Curt Stallings
|
0-0: Called Strike 0-1: Foul Ball, location: 2F 0-2: Ball 1-2: Foul Ball, location: 2F 1-2: Foul Ball, location: 2F 1-2: Ball 2-2: Foul Ball, location: 2F 2-2: Strikes out swinging
|
Top of the 7th over - 0 runs, 0 hits, 0 errors, 1 left on base; Lowell 5 - Vermont 1 |
BOTTOM OF THE 7TH |
Vermont Lake Monsters batting - Pitching for Lowell Spinners : RHP Alan Phillips
|
Batting: RHB Edgardo Rivera
|
0-0: Ball 1-0: Ball 2-0: Foul Ball, location: 2F 2-1: Ball 3-1: Foul Ball, location: 2F 3-2: Fly out, F9 (Line Drive, 9, EV 103.1 MPH)
|
Batting: RHB Jon Coleman
|
0-0: Ball 1-0: Ball 2-0: Foul Ball, location: 2F 2-1: Fly out, F9 (Flyball, 9D, EV 100.6 MPH)
|
Batting: SHB Steve Salafia
|
0-0: Ball 1-0: Ground out U3 (Groundball, 3, EV 75.6 MPH)
|
Bottom of the 7th over - 0 runs, 0 hits, 0 errors, 0 left on base; Lowell 5 - Vermont 1 |
TOP OF THE 8TH |
Lowell Spinners batting - Pitching for Vermont Lake Monsters : RHP Emanuel Andrade
|
Batting: RHB Jose Molina
|
0-0: Called Strike 0-1: Swinging Strike 0-2: Ball 1-2: Ball 2-2: Ball 3-2: Strikes out swinging
|
Batting: RHB Roger Mitchell
|
0-0: Called Strike 0-1: Ball 1-1: Ball 2-1: Called Strike 2-2: Strikes out swinging
|
Batting: LHB Eric Gaugler
|
0-0: Ball 1-0: Foul Ball, location: 2F 1-1: Foul Ball, location: 2F 1-2: Ball 2-2: Strikes out swinging
|
Top of the 8th over - 0 runs, 0 hits, 0 errors, 0 left on base; Lowell 5 - Vermont 1 |
BOTTOM OF THE 8TH |
Vermont Lake Monsters batting - Pitching for Lowell Spinners : RHP Alan Phillips
|
Batting: RHB Ricardo Claros
|
0-0: Called Strike 0-1: Ball 1-1: Called Strike 1-2: Ball 2-2: Foul Ball, location: 2F 2-2: Ball 3-2: Foul Ball, location: 2F 3-2: Strikes out swinging
|
Batting: SHB Berthold Frey
|
0-0: Foul Ball, location: 2F 0-1: Fly out, F6 (Popup, 56, EV 75.0 MPH)
|
Batting: RHB Alberto Malagon
|
0-0: Ball 1-0: Ball 2-0: Called Strike 2-1: Swinging Strike 2-2: Ball 3-2: Base on Balls
|
Pitching: RHP Armando Berrios
|
|
Batting: RHB Tetsuya Shinoda
|
0-0: Called Strike 0-1: Swinging Strike 0-2: Ball 1-2: Foul Ball, location: 2F 1-2: Strikes out swinging
|
Bottom of the 8th over - 0 runs, 0 hits, 0 errors, 1 left on base; Lowell 5 - Vermont 1 |
TOP OF THE 9TH |
Lowell Spinners batting - Pitching for Vermont Lake Monsters : RHP Emanuel Andrade
|
Pitching: LHP Cory Yeary
|
|
Batting: LHB Kevin Rolison
|
0-0: Ball 1-0: Ball 2-0: Ground out 4-3 (Groundball, 4, EV 84.4 MPH)
|
Batting: LHB Danny Montoya
|
0-0: Called Strike 0-1: Ground out 4-3 (Groundball, 4M, EV 101.2 MPH)
|
Batting: LHB Javier Cajina
|
0-0: Swinging Strike 0-1: Ball 1-1: Ball 2-1: Foul Ball, location: 2F 2-2: Ball 3-2: Strikes out swinging
|
Top of the 9th over - 0 runs, 0 hits, 0 errors, 0 left on base; Lowell 5 - Vermont 1 |
BOTTOM OF THE 9TH |
Vermont Lake Monsters batting - Pitching for Lowell Spinners : RHP Armando Berrios
|
Batting: RHB Ryan Jennings
|
0-0: Foul Ball, location: 2F 0-1: Foul Ball, location: 2F 0-2: Foul Ball, location: 2F 0-2: Ball 1-2: Foul Ball, location: 2F 1-2: SINGLE (Groundball, 5D, EV 99.4 MPH)
|
Batting: RHB Amare Brown
|
0-0: Foul Ball, location: 2F 0-1: Ball 1-1: Swinging Strike 1-2: SINGLE (Groundball, 6MD, EV 96.9 MPH) (infield hit) Ryan Jennings to second
|
Pitching: LHP Ken Berger
|
|
Batting: RHB Edgardo Rivera
|
0-0: Ball 1-0: Ball 2-0: Ball 3-0: Called Strike 3-1: Foul Ball, location: 2F 3-2: Grounds into double play, 6-4-3 (Groundball, 56, EV 87.5 MPH) Ryan Jennings to third
|
Batting: RHB Jon Coleman
|
0-0: Ball Wild Pitch! Ryan Jennings scores 1-0: Swinging Strike 1-1: Foul Ball, location: 2F 1-2: Ball 2-2: Fly out, F9 (Line Drive, 9, EV 106.2 MPH)
|
Bottom of the 9th over - 1 run, 2 hits, 0 errors, 0 left on base; Lowell 5 - Vermont 2 |
|